 Dungeon Crawl Stone Soup version 0.17.1-2-g5865329 (webtiles) character file.

49 ololoev the Covered (level 3, 0/29 HPs)
             Began as a Demonspawn Fighter on Feb 12, 2016.
             Slain by an adder (3 damage)
             ... on level 2 of the Dungeon.
             The game lasted 00:02:57 (389 turns).

ololoev the Covered (Demonspawn Fighter)             Turns: 389, Time: 00:02:57

Health: 0/29       AC:  6    Str: 17    XL:     3   Next: 51%
Magic:  3/3        EV:  6    Int:  9    God:
Gold:   41         SH:  8    Dex:  7    Spells: 0 memorised, 2 levels left

rFire  . . .     SeeInvis .     a - +0 war axe
rCold  . . .     Clarity  .     b - +0 scale mail
rNeg   . . .     SustAt   .     c - +0 shield
rPois  .         Gourm    .     (no helmet)
rElec  .         Spirit   .     (no cloak)
rCorr  .         Warding  .     (no gloves)
rMut   .         Stasis   .     (no boots)
MR     .....                    (no amulet)
Stlth  ..........               (no ring)
                                j - -5 ring of dexterity (curse)

@: lethally poisoned (0 -> -3), not resistant to hostile enchantments, extremely
unstealthy
A: hooves 1
a: no special abilities


Innate Abilities, Weirdness & Mutations

You have large cloven feet.

Inventory:

Hand Weapons
 a - a +0 war axe (weapon)
Armour
 b - a +0 scale mail (worn)
 c - a +0 shield (worn)
Jewellery
 j - a cursed -5 ring of dexterity (left hand)
Scrolls
 d - 2 scrolls of teleportation {unknown}
 h - a scroll of random uselessness {unknown}
 i - 2 scrolls of identify {unknown}
Comestibles
 e - a bread ration
 g - a slice of pizza


   Skills:
 - Level 3.0 Fighting
 * Level 3.1 Axes
 + Level 3.2 Armour
 - Level 2.6 Shields


You had 2 spell levels left.
You didn't know any spells.


You were on level 2 of the Dungeon.
You were not hungry.

You visited 1 branch of the dungeon, and saw 3 of its levels.

You collected 41 gold pieces.

###.....### #.........#
#.........# #..)......
........ #.....# .
#..†S.###.. #######
#...@.#....
##.....#######......!
####.......#####...#####
....<.........>..###
###............<.##
#..........#.......#
#............#####...
###...†.....#### #
............#

Notes
Turn   | Place    | Note
--------------------------------------------------------------
     0 | D:1      | ololoev the Demonspawn Fighter began the quest for the Orb.
     0 | D:1      | Reached XP level 1. HP: 18/18 MP: 1/1
    69 | D:1      | Gained mutation: You have large cloven feet. [demonic ancestry]
    69 | D:1      | Reached XP level 2. HP: 18/24 MP: 2/2
   279 | D:1      | Reached XP level 3. HP: 8/29 MP: 3/3
   389 | D:2      | Slain by an adder

Dungeon Overview and Level Annotations

Branches:
Dungeon (3/15)

Altars:


Message History

The adder is moderately wounded.
You feel sick. The adder bites you.
You closely miss the adder. Your kick misses the adder.
The adder is moderately wounded.
The adder bites you but does no damage. x2
You closely miss the adder.
The adder is moderately wounded.
The adder bites you but does no damage. The adder bites you.
You closely miss the adder.
The adder is moderately wounded.
You feel sick. The adder bites you but does no damage.
The adder closely misses you.
You barely miss the adder.
The adder is moderately wounded.
You block the adder's attack. The adder bites you but does no damage.
You barely miss the adder. Your kick misses the adder.
The adder is moderately wounded.
You feel sick. The adder bites you but does no damage.
You block the adder's attack.
You closely miss the adder. Your kick misses the adder.
The adder is moderately wounded.
You block the adder's attack. x2
You slash the adder! Your kick misses the adder.
The adder is almost dead.
The adder bites you.
You are more poisoned.
The adder poisons you! You block the adder's attack.
You barely miss the adder. Your kick misses the adder.
The adder is almost dead.
You feel sick. The adder bites you. The adder bites you but does no damage.
You miss the adder. Your kick misses the adder.
The adder is almost dead.
You feel sick. The adder bites you. The adder bites you but does no damage.
You closely miss the adder. Your kick misses the adder.
The adder is almost dead.
You block the adder's attack.
You miss the adder.
The adder is almost dead.
You feel sick. You block the adder's attack. The adder bites you.
You die...

You could see an adder.

Vanquished Creatures
  An adder (D:2)
  A gnoll (D:1)
  An ooze (D:1)
  A ball python (D:1)
  4 bats (D:1)
  2 hobgoblins
  7 jackals (D:1)
  A quokka (D:3)
  2 goblins (D:1)
  2 rats
22 creatures vanquished.

Action                   || total
-------------------------++-------
Melee: War axe           ||    88
  Use: Potion            ||     3

Vault maps used:
D:1:      scummos_arrival_star, serial_forest, infiniplex_forest_clump_large,
          infiniplex_forest_end_1, infiniplex_forest_end_1,
          infiniplex_forest_lined_1, infiniplex_forest_lined_room_2,
          infiniplex_forest_corner_1, infiniplex_forest_diagonal
D:2:      grunt_decor_fettered, hangedman_decor_lopped
D:3:      minmay_large_rounded_square, uniq_iyjb
